 Dungeon Crawl Stone Soup version 0.20-a0-700-gbd4582c (webtiles) character file.

258 Nigilith the Slasher (level 6, -8/44 HPs)
             Began as a Human Gladiator on Feb 20, 2017.
             Mangled by an ogre
             ... wielding a +0 giant club
              (32 damage)
             ... on level 3 of the Dungeon.
             The game lasted 00:05:52 (2600 turns).

Nigilith the Slasher (Human Gladiator)              Turns: 2600, Time: 00:05:53

Health: -8/44      AC:  5    Str: 16    XL:     6   Next: 40%
Magic:  6/6        EV: 13    Int:  9    God:
Gold:   131        SH:  0    Dex: 14    Spells: 5/5 levels left

rFire    . . .     SeeInvis .   a - +1 long sword
rCold    . . .     Gourm    .   m - +0 troll leather armour {Purgy}
rNeg     . . .     Faith    .   (no shield)
rPois    +         Spirit   .   p - +1 hat
rElec    .         Reflect  .   (no cloak)
rCorr    .         Harm     .   (no gloves)
MR       .....                  (no boots)
Stlth    +.........             (no amulet)
Regen    0.6/turn               (no ring)
MPRegen  0.1/turn               h - ring of poison resistance

@: lethally poisoned (-8 -> -8)
A: no striking features
a: no special abilities


You were on level 3 of the Dungeon.
You were hungry.

You visited 1 branch of the dungeon, and saw 3 of its levels.
You also visited: Sewer.

You collected 131 gold pieces.

Inventory:

Hand Weapons
 a - a +1 long sword (weapon)
Missiles
 d - 3 throwing nets (quivered)
 k - 7 tomahawks
Armour
 b - a +0 leather armour
 c - a +0 helmet
 m - a +0 troll leather armour (worn) {Purgy}
 p - a +1 hat (worn)
Jewellery
 h - a ring of poison resistance (left hand)
Wands
 v - a wand of flame (24/48)
Scrolls
 e - a scroll of fear {unknown}
 g - 5 scrolls of identify
 j - 2 scrolls of blinking {unknown}
 n - 3 scrolls of enchant weapon
 s - a scroll of random uselessness {unknown}
 u - a scroll of teleportation {unknown}
Potions
 i - a potion of resistance {unknown}
 l - 3 potions of haste
 o - a potion of curing
 q - 2 potions of berserk rage {unknown}
 r - a potion of agility
 t - a potion of might {unknown}
Comestibles
 f - 2 bread rations


   Skills:
 - Level 2.0 Fighting
 + Level 6.7 Long Blades
 - Level 2.0 Throwing
 - Level 3.0 Dodging


You had 5 spell levels left.
You didn't know any spells.

Dungeon Overview and Level Annotations

Branches:
Dungeon (3/15)

Altars:
Xom


Message History

The ogre is lightly wounded.
You feel sick. The ogre misses you.
You hit the ogre.
The ogre is moderately wounded.
The ogre closely misses you.
You hit the ogre.
The ogre is moderately wounded.
The ogre closely misses you.
You riposte.
You hit the ogre.
The ogre is moderately wounded.
You hit the ogre.
The ogre is heavily wounded.
You barely miss the ogre.
The ogre is heavily wounded.
You feel sick. The ogre barely misses you.
You riposte.
You hit the ogre.
The ogre is severely wounded.
You barely miss the ogre.
The ogre is severely wounded.
The ogre hits you with a giant club!!
Ouch! That really hurt!
You die...

####............##....# .
..K.............##....##..
..........................
###........#...###.....###
......S(........##.....###
###.#.###................#
.. #K.........#...... #.
#O###....###...... # #@#
#..#.##.......
#.###..#..##......
###......##.##......
#................###
###.###.###.##.#....
........# #..#.#.###
###.###.####.#.#.# #
#.......###...#.# #
#.......+.....#.# #


You could see an ogre and a kobold.

Vanquished Creatures
  Purgy (Sewer)
  11 adders
  An ooze (D:2)
  A worm (D:2)
  2 leopard geckos (D:1)
  3 giant cockroaches
  7 goblins
  6 hobgoblins
  5 jackals
  2 quokkas (D:2)
  5 bats
  5 frilled lizards
  7 kobolds
  7 rats
63 creatures vanquished.

Notes
Turn   | Place    | Note
-------+----------+-------------------------------------------
     0 | D:1      | Nigilith the Human Gladiator began the quest for the Orb.
     0 | D:1      | Reached XP level 1. HP: 16/16 MP: 1/1
   302 | D:1      | Reached XP level 2. HP: 19/22 MP: 2/2
   582 | D:2      | Reached skill level 4 in Long Blades
   582 | D:2      | Reached XP level 3. HP: 23/27 MP: 3/3
   947 | D:2      | Reached XP level 4. HP: 21/33 MP: 4/4
  1025 | D:2      | Reached skill level 5 in Long Blades
  1651 | D:2      | Reached XP level 5. HP: 34/38 MP: 5/5
  1793 | D:3      | Found a glowing drain.
  2062 | Sewer    | Entered a sewer
  2200 | Sewer    | Noticed Purgy
  2222 | Sewer    | Killed Purgy
  2222 | Sewer    | Reached skill level 6 in Long Blades
  2222 | Sewer    | Reached XP level 6. HP: 17/44 MP: 6/6
  2551 | D:3      | Found a shimmering altar of Xom.
  2552 | D:3      | Found a shimmering altar of Xom.
  2553 | D:3      | Found a shimmering altar of Xom.
  2553 | D:3      | Found a shimmering altar of Xom.
  2553 | D:3      | Found a shimmering altar of Xom.
  2554 | D:3      | Found a shimmering altar of Xom.
  2554 | D:3      | Found a shimmering altar of Xom.
  2575 | D:3      | Noticed an ogre
  2600 | D:3      | Mangled by an ogre

Vault maps used:
D:1:      dpeg_arrival_subterranean_lakeside_camping, serial_glass,
          glass_columns_b, glass_columns_c
D:2:      first_bread, minmay_misc_feat_square
D:3:      xom_redecorated, gup_sewer_entry_glass, tso_metal_star
Sewer:    sewer_the_crocodile

Skill      XL: |  1  2  3  4  5 |
---------------+----------------+-----
Long Blades    | 4 5 6 |  6.7
Fighting       | |  2.0
Throwing       | |  2.0
Dodging        | |  3.0

Action                   |  1- 3 |  4- 6 || total
-------------------------+-------+-------++-------
Melee: Long sword        |    72 |   156 ||   228
  Use: Potion            |       |     6 ||     6
       Scroll            |       |     3 ||     3
 Stab: Invisible         |       |     2 ||     2
  Eat: Meat ration       |       |     1 ||     1
Armor: Leather armour    |    21 |    37 ||    58
       Troll leather arm |       |     6 ||     6
Dodge: Dodged            |    90 |   150 ||   240
       Rpst.: Long sword |    22 |    45 ||    67
